 Dungeon Crawl Stone Soup version 0.30-a0-1043-g60ff8d5f49 (webtiles) character file.

Game seed: 560762218741007436

279 jimonade the Slasher (level 6, -2/49 HPs)
             Began as a Barachi Fighter on Apr 10, 2023.
             Succumbed to a water moccasin's poison
             ... on level 4 of the Dungeon.
             The game lasted 00:06:47 (2994 turns).

jimonade the Slasher (Barachi Fighter)              Turns: 2994, Time: 00:06:47

Health: -2/49      AC:  8    Str: 17    XL:     6   Next: 26%
Magic:  6/6        EV: 10    Int: 10    God:
Gold:   112        SH:  5    Dex: 18    Spells: 5/5 levels left

rFire   . . .      SeeInvis .    a - +0 long sword
rCold   . . .      Faith    .    c - +0 buckler
rNeg    . . .      Spirit   .    l - +0 ring mail
rPois   .          Reflect  .    f - +0 helmet
rElec   .          Rampage  .    C - +0 cloak
rCorr   .                        (no gloves)
Will    +....                    (no boots)
Stlth   +                        (no amulet)
HPRegen 0.28/turn                g - ring of willpower
MPRegen 0.10/turn                z - +6 ring of dexterity

@: lethally poisoned (-2 -> -25), slow
A: amphibious, slowness 1, strong legs 1, +LOS
a: Hop


You were on level 4 of the Dungeon.
You visited 1 branch of the dungeon, and saw 4 of its levels.

You collected 112 gold pieces.

Inventory:

Hand Weapons
 a - a +0 long sword (weapon)
 r - a +0 sling
 s - a +0 mace
 t - a +0 shortbow
 u - a +2 vampiric dagger
 v - a +1 heavy spear
 H - a +0 long sword
Missiles
 j - 3 boomerangs
 k - 5 silver javelins
 B - 4 poisoned darts
Armour
 b - a +0 scale mail
 c - a +0 buckler (worn)
 f - a +0 helmet (worn)
 l - a +0 ring mail (worn)
 C - a +0 cloak (worn)
Jewellery
 g - a ring of willpower (left hand)
 z - a +6 ring of dexterity (right hand)
 E - a ring of flight
Wands
 o - a wand of charming (5)
 w - a wand of iceblast (6)
 G - a wand of mindburst (13)
Scrolls
 e - a scroll of fog {unknown}
 i - 2 scrolls of enchant weapon {unknown}
 m - 2 scrolls of teleportation {unknown}
 x - a scroll of fear {unknown}
 y - a scroll of torment {unknown}
 A - a scroll of poison {unknown}
 D - 2 scrolls of identify {unknown}
Potions
 d - a potion of might
 h - 2 potions of brilliance {unknown}
 n - a potion of heal wounds {unknown}
 p - 2 potions of degeneration {unknown}
 q - 5 potions of mutation {unknown}
 F - 2 potions of ambrosia {unknown}


   Skills:
 + Level 4.4 Fighting
 + Level 5.4 Long Blades
 + Level 4.9 Armour
 + Level 1.4 Dodging
 + Level 4.1 Shields


You had 5 spell levels left.
You didn't know any spells.
Your spell library contained the following spells:

 Spells                   Type           Power      Damage    Failure   Level
 Ensorcelled Hibernation  Hex/Ice        0%         N/A       78%         2
 Spider Form              Tmut/Pois      0%         N/A       95%         3
 Anguish                  Hex/Necr       0%         N/A       100%        4


Dungeon Overview and Level Annotations

Branches:
Dungeon (4/15)
 Temple: D:4-7

Altars:


Innate Abilities, Weirdness & Mutations

You are amphibious.
You cover ground slowly.
You can hop short distances.
You have an extended range of vision and can be seen from far away.


Message History

You miss the water moccasin.
The water moccasin is severely wounded.
The water moccasin bites you.
You are poisoned.
The water moccasin poisons you! The water moccasin bites you.
You hit the water moccasin.
The water moccasin is almost dead.
You feel very sick. You block the water moccasin's attack.
You miss the water moccasin.
The water moccasin is almost dead.
You feel very sick.
The water moccasin closely misses you. x2
You hit the water moccasin but do no damage.
The water moccasin is almost dead.
You feel sick.
The water moccasin bites you but does no damage.
The water moccasin bites you.
You are more poisoned.
The water moccasin poisons you!
You barely miss the water moccasin.
The water moccasin is almost dead.
You feel very sick. The water moccasin barely misses you.
You hit the water moccasin.
The water moccasin is almost dead.
You feel very sick. The water moccasin bites you!
* * * LOW HITPOINT WARNING * * *
You are more poisoned.
The water moccasin poisons you! The water moccasin closely misses you.
You closely miss the water moccasin.
The water moccasin is almost dead.
* * * LOW HITPOINT WARNING * * *
You feel extremely sick. You block the water moccasin's attack.
The water moccasin bites you but does no damage.
You closely miss the water moccasin.
The water moccasin is almost dead.
You die...

#........................
###.....######...........
#.....#....#...........
#.....#....#...........
#.....#....#...........
##+###.....#....#....####...
..........##....#....'..# .
..........S.....#....#..#
..........#@....######..#
..........#.............#
....>.....#.....##......#
..........#.....##..##..#
..........#.....#########
###########..........#
#....#..........#
#....'..........#
#################


You could see a water moccasin.

Vanquished Creatures
  Terence (D:3)
  Ijyb (D:3)
  2 orc wizards (D:3)
  Robin (D:2)
  7 adders
  A white imp (D:3)
  A worm (D:2)
  A dart slug (D:2)
  4 orcs (D:3)
  11 bats
  13 endoplasms
  2 giant cockroaches
  15 goblins
  9 hobgoblins
  2 jackals (D:2)
  4 quokkas
  3 ball pythons
  A frilled lizard (D:2)
  5 kobolds
  6 rats
90 creatures vanquished.

Notes
Turn   | Place    | Note
-------+----------+-------------------------------------------
     0 | D:1      | jimonade the Barachi Fighter began the quest for the Orb.
     0 | D:1      | Reached XP level 1. HP: 18/18 MP: 1/1
   190 | D:1      | Reached XP level 2. HP: 25/25 MP: 2/2
   672 | D:1      | Reached skill level 3 in Long Blades
   779 | D:2      | Reached XP level 3. HP: 25/30 MP: 3/3
  1178 | D:2      | Reached XP level 4. HP: 25/37 MP: 4/4
  1802 | D:3      | Reached skill level 4 in Long Blades
  1854 | D:3      | Reached skill level 1 in Dodging
  1862 | D:3      | Reached XP level 5. HP: 38/42 MP: 5/5
  1888 | D:3      | Noticed Ijyb
  1934 | D:3      | Noticed Terence
  1949 | D:3      | Killed Terence
  2006 | D:3      | Noticed Robin
  2040 | D:3      | Killed Ijyb
  2222 | D:2      | Killed Robin
  2295 | D:3      | Reached skill level 5 in Long Blades
  2453 | D:3      | Reached XP level 6. HP: 49/49 MP: 6/6
  2981 | D:4      | Noticed a water moccasin
  2994 | D:4      | Succumbed to a water moccasin's poison

Illustrated notes

Levels and vault maps discovered:
D:1:      ncdulo_halloftheorcs, layout_basic
D:2:      layout_loops_corners
D:3:      minmay_bubble_buster, layout_basic, uniq_ijyb, uniq_robin,
          uniq_terence
D:4:      layout_gridville

Skill      XL: |  1  2  3  4  5 |
---------------+----------------+-----
Armour         | 4 |  4.9
Long Blades    | 3 4 5 |  5.4
Fighting       | 4 |  4.4
Dodging        | 1 |  1.4
Shields        | 4 |  4.1

Action                     |  1- 3 |  4- 6 || total
---------------------------+-------+-------++-------
  Melee: Long sword        |    90 |   183 ||   273
Ability: Hop               |       |     2 ||     2
  Evoke: Wand              |       |     2 ||     2
 Armour: Scale mail        |    27 |       ||    27
         Ring mail         |    16 |    79 ||    95
  Dodge: Dodged            |    47 |    85 ||   132
  Block: Buckler           |    19 |    52 ||    71

Table legend: (Time is in decaauts)
 A = Elapsed time spent in this place.
 B = Non-inter-level travel time spent in this place.
 C = Inter-level travel time spent in this place.
 D = Time resting spent in this place.
 E = Time spent auto-exploring this place.
 F = Levels seen in this place.
 G = Mean time per level.
                   A        B        C        D        E       F      G
               +--------+--------+--------+--------+--------+-----+--------+
         Total |   3491 |   3315 |    176 |    190 |   1981 |   4 |  872.8 |
       Dungeon |   3491 |   3315 |    176 |    190 |   1981 |   4 |  872.8 |
               +--------+--------+--------+--------+--------+-----+--------+

Top non-repeatable levels by time:
     D:2: 1373 daAuts
     D:3: 1068 daAuts
     D:1: 911 daAuts
     D:4: 137 daAuts
